 Dungeon Crawl Stone Soup version 0.28-a0-664-gc179e30c89 (webtiles) character file.

Game seed: 9725952753343767757

13 lawman0 the Ogre Mage (level 2, 0/24 HPs)
             Began as an Ogre Hedge Wizard on Oct 16, 2021.
             Slain by a gnoll (13 damage)
             ... on level 1 of the Dungeon.
             The game lasted 00:01:29 (714 turns).

lawman0 the Ogre Mage (Ogre Hedge Wizard)            Turns: 714, Time: 00:01:30

Health: 0/24       AC:  3    Str: 13    XL:     2   Next: 37%
Magic:  5/7        EV:  9    Int: 15    God:
Gold:   12         SH:  0    Dex:  8    Spells: 2/9 levels left

rFire   . . .      SeeInvis .   a - +0 dagger
rCold   . . .      Faith    .   (no shield)
rNeg    . . .      Spirit   .   b - +0 robe
rPois   .          Reflect  .   c - +0 hat
rElec   .          Harm     .   (no cloak)
rCorr   .          Rampage  .   (gloves unavailable)
Will    .....                   (boots unavailable)
Stlth   +.........              (no amulet)
HPRegen 0.08/turn               (no ring)
MPRegen 0.10/turn               (no ring)

@: no status effects
A: large, unfitting armour, tough skin 1
a: no special abilities


You were on level 1 of the Dungeon.
You visited 1 branch of the dungeon, and saw 1 of its levels.

You collected 12 gold pieces.

Inventory:

Hand Weapons
 a - a +0 dagger (weapon)
Armour
 b - a +0 robe (worn)
 c - a +0 hat (worn)


   Skills:
 + Level 1.8 Dodging
 + Level 1.4 Stealth
 + Level 4.1 Spellcasting
 * Level 1.2 Conjurations
 * Level 0.8 Summonings
 * Level 0.8 Translocations


You had 2 spell levels left.
You knew the following spells:

 Your Spells              Type           Power      Damage    Failure   Level
a - Magic Dart            Conj           24%        1d4       11%         1
b - Blink                 Tloc           N/A        N/A       19%         2
c - Call Imp              Summ           5%         N/A       19%         2
d - Passwall              Tmut/Erth      2%         N/A       26%         2

Your spell library contained the following spells:

 Spells                   Type           Power      Damage    Failure   Level
 Sandblast                Erth           6%         2d5       19%         1
 Slow                     Hex            3%         N/A       26%         2
 Conjure Flame            Conj/Fire      4%         6-21      38%         3
 Stone Arrow              Conj/Erth      8%         3d7       38%         3
 Mephitic Cloud           Conj/Pois/Air  4%         N/A       41%         3


Dungeon Overview and Level Annotations

Branches:
Dungeon (1/15)

Altars:


Innate Abilities, Weirdness & Mutations

You are too large for most types of armour.
You have tough skin. (AC +1)


Message History

You start resting.
Magic restored.
HP restored.
Things that are here:
a +0 short sword; 2 stones You pick up a book of Geomancy and begin reading...
You add the spells Sandblast, Passwall and Stone Arrow to your library.
You now have 12 gold pieces.
Found 24 stones.
Memorise Blink, consuming 2 spell levels and leaving 6?
You start memorising the spell.
You continue memorising. x2
You finish memorising.
Spell assigned to 'b'.
Memorise Call Imp, consuming 2 spell levels and leaving 4?
You start memorising the spell.
You continue memorising. x2
You finish memorising.
Spell assigned to 'c'.
This spell is quite dangerous to cast!
Memorise Passwall, consuming 2 spell levels and leaving 2?
You start memorising the spell.
You continue memorising. x2
You finish memorising.
Spell assigned to 'd'.
A gnoll comes into view.
It is wielding a +2 flail of protection.
Found a robe.
A gnoll is nearby!
A gnoll is nearby!
Casting: Magic Dart (safe; 11% risk of failure)
Confirm with . or Enter, or press ? or * to list all spells.
A beastly little devil appears in a puff of flame.
The gnoll shouts!
Your crimson imp blinks!
Your crimson imp blinks!
Your crimson imp blinks!
Casting: Call Imp (safe; 19% risk of failure)
Confirm with . or Enter, or press ? or * to list all spells.
A metallic apparition takes form in the air.
Your crimson imp disappears in a puff of smoke!
The gnoll hits you with a +2 flail of protection!
Ouch! That really hurt!
Your iron imp hits the gnoll but does no damage.
The gnoll hits you with a +2 flail of protection!
Ouch! That really hurt!
You die...

#.(.###########...#....#..#.
#......#...............#..#.
###......#...............#..#.
#........#............##[#..#.
#........#...............#..##
#...#....#............#..#..##
#...#....###.....######......#
#...#....# #.....# #.###..#
#...#....# #.@g..# #......#
#...#....# #..5..# #.##....
#...#....# #.....# #. #...#
#..[#...ยง####....#########....
#....................##.#.
#....................##.#.
####.................##.##
#.........).......##. #
#.................##.##


You could see a gnoll (ally target) and a friendly iron imp (summoned).

Vanquished Creatures
  A dart slug (D:1)
  A ball python (D:1)
  2 bats (D:1)
  2 endoplasms (D:1)
  A giant cockroach (D:1)
  A kobold (D:1)
  A rat (D:1)
9 creatures vanquished.

Notes
Turn   | Place    | Note
-------+----------+-------------------------------------------
     0 | D:1      | lawman0 the Ogre Hedge Wizard began the quest for the Orb.
     0 | D:1      | Reached XP level 1. HP: 16/16 MP: 5/5
    32 | D:1      | Reached skill level 1 in Conjurations
   315 | D:1      | Reached skill level 4 in Spellcasting
   365 | D:1      | Reached XP level 2. HP: 24/24 MP: 0/7
   684 | D:1      | Learned a level 2 spell: Blink
   687 | D:1      | Learned a level 2 spell: Call Imp
   690 | D:1      | Learned a level 2 spell: Passwall
   714 | D:1      | Slain by a gnoll

Illustrated notes

Levels and vault maps discovered:
D:1:      amcnicky_arrival_blooded_trapdoor, layout_basic,
          shapermc_ecumenical_altar_notcrosses

Skill      XL: |  1 |
---------------+----+-----
Conjurations   | 1 |  1.2
Spellcasting   | 4 |  4.1
Dodging        | |  1.8
Stealth        | |  1.4
Summonings     | |  0.8
Translocations | |  0.8

Action                   || total
-------------------------++-------
Melee: Dagger            ||    19
 Cast: Magic Dart        ||    24
       Call Imp          ||     2
Armor: Robe              ||    21
Dodge: Dodged            ||    26

Table legend: (Time is in decaauts)
 A = Elapsed time spent in this place.
 B = Non-inter-level travel time spent in this place.
 C = Inter-level travel time spent in this place.
 D = Time resting spent in this place.
 E = Time spent auto-exploring this place.
 F = Levels seen in this place.
 G = Mean time per level.
                   A        B        C        D        E       F      G
               +--------+--------+--------+--------+--------+-----+--------+
         Total |    714 |    714 |      0 |    315 |    267 |   1 |  714.0 |
       Dungeon |    714 |    714 |      0 |    315 |    267 |   1 |  714.0 |
               +--------+--------+--------+--------+--------+-----+--------+

Top non-repeatable levels by time:
     D:1: 714 daAuts
